 Dungeon Crawl Stone Soup version 0.32-a0-593-g85ff8e36a1 (webtiles) character file.

Game seed: 9448882577587458107

136 BeKind the Ducker (level 5, -3/37 HPs)
             Began as an Octopode Fighter on Mar 2, 2024.
             Slain by an orc wizard
             ... wielding a +0 dagger
              (4 damage)
             ... on level 2 of the Dungeon.
             The game lasted 00:01:44 (1781 turns).

BeKind the Ducker (Octopode Fighter)                Turns: 1781, Time: 00:01:45

Health: -3/37      AC:  1    Str: 17    XL:     5   Next: 19%
Magic:  5/5        EV: 13    Int: 11    God:
Gold:   144        SH:  4    Dex: 11    Spells: 4/4 levels left

rFire   . . .        a - +0 trident
rCold   . . .        b - +0 buckler
rNeg    . . .        (helmet restricted)
rPois   .            (no amulet)
rElec   .            (no ring)
rCorr   .            (no ring)
SInv    .            (no ring)
Will    .....        (no ring)
Stlth   ++           (no ring)
HPRegen 0.26/turn    (no ring)
MPRegen 0.09/turn    (no ring)
                     (no ring)

%: no passive effects
@: no status effects
A: almost no armour, amphibious, 8 rings, camouflage 1, gelatinous body 1,
(nimble swimmer 1), tentacles
a: no special abilities


You were on level 2 of the Dungeon.
You visited 1 branch of the dungeon, and saw 3 of its levels.

You collected 144 gold pieces.

Inventory:

Hand Weapons
 a - a +0 trident (weapon)
Armour
 b - a +0 buckler (worn)
Scrolls
 d - a scroll of fear {unknown}
 e - 2 scrolls of identify {unknown}
 i - a scroll of torment {unknown}
 l - 2 scrolls of teleportation {unknown}
Potions
 c - 2 potions of might
 f - 2 potions of heal wounds {unknown}
 g - a potion of lignification {unknown}
 h - a potion of cancellation {unknown}
 j - 2 potions of enlightenment {unknown}
 k - a potion of attraction {unknown}
 m - a potion of berserk rage {unknown}
 n - a potion of invisibility {unknown}
 o - a potion of curing {unknown}


   Skills:
 + Level 3.8 Fighting
 + Level 3.1 Polearms
 + Level 3.8 Dodging
 + Level 3.8 Shields


You had 4 spell levels left.
You didn't know any spells.
Your spell library contained the following spells:

 Spells                   Type           Power      Damage    Failure   Level
 Fugue of the Fallen      Necr           0%         N/A       80%         3
 Ozocubu's Armour         Ice            0%         N/A       80%         3
 Manifold Assault         Tloc           0%         N/A       99%         4


Dungeon Overview and Level Annotations

Branches:
Dungeon (3/15)

Altars:
Xom


Innate Abilities, Weirdness & Mutations

You cannot wear most types of armour.
You are amphibious.
You can wear up to eight rings at the same time.
Your skin changes colour to match your surroundings (Stealth+).
Your rubbery body absorbs attacks. (AC +1, EV +1)
((You are camouflaged when in or above water. (Stealth+)))
You have tentacles for arms and can constrict up to eight enemies at once.


Message History

An orc comes into view. It is wielding a +0 whip.
You have reached level 5!
You feel clever.
You barely miss something. Something hits you.
The orc shouts!
You hit something but do no damage. Something hits you.
You barely miss something.
You hear some strange, mumbled words.
You are confused.
Something hits you.
You bump into the rock wall.
The orc throws a boomerang.
The boomerang barely misses you. Something hits you.
The orc shouts!
You hear some strange, mumbled words.
A magic dart appears from out of thin air!
The magic dart hits you!
You bump into the rock wall.
The orc throws a boomerang.
Something hits you.
You bump into the rock wall.
Something hits you but does no damage.
You barely miss something.
You hear some strange, mumbled words.
A magic dart appears from out of thin air!
The magic dart hits you.
You closely miss something. Something hits you.
You hit something.
You feel less confused. Something hits you.
* * * LOW HITPOINT WARNING * * *
There is an escape hatch in the ceiling here.
Something hits you.
* * * LOW HITPOINT WARNING * * *
A mysterious force pulls you upwards. The hatch slams shut behind you.
Reactivating autopickup.
Deactivating autopickup; reactivate with Ctrl-A.
You hit something. Your squeeze misses something. Something hits you.
* * * LOW HITPOINT WARNING * * *
You closely miss something. Something hits you.
* * * LOW HITPOINT WARNING * * *
You miss something. Your squeeze misses something. Something hits you.
* * * LOW HITPOINT WARNING * * *
Something hits you.
You die...

#.#.......###.............#
#.#.####..###.#..#..#####.#
#.#.####....†....#..#####.##
######.........÷.....##..##......
.....###.####...##.####..##.##.##
####.# #.####............##.##.##
#.# #........########.......#
##.#########...# ##.#.##.#
##.......# #..@# #.#.##.#
#...####.# #..{# #.#.##.##
#.....##.# #...########.......#
##...#.##.####...#..^...........#
......<##...........###.........#
............÷÷......# #..........
.......##....)......###.....###.#
##..)..#######...#..........###.#
#....## ##.#.#..............#


There were no monsters in sight!

Vanquished Creatures
  2 orc priests (D:3)
  2 adders (D:2)
  A dart slug (D:3)
  A ribbon worm (D:2)
  4 orcs (D:3)
  3 bats
  5 endoplasms
  2 giant cockroaches (D:2)
  8 goblins
  4 hobgoblins
  A quokka (D:3)
  3 ball pythons
  3 frilled lizards
  7 kobolds
  7 rats
53 creatures vanquished.

Notes
Turn   | Place    | Note
-------+----------+-------------------------------------------
     0 | D:1      | BeKind the Octopode Fighter began the quest for the Orb.
     0 | D:1      | Reached XP level 1. HP: 16/16 MP: 1/1
   249 | D:1      | Reached XP level 2. HP: 21/21 MP: 2/2
   835 | D:2      | Reached XP level 3. HP: 22/26 MP: 3/3
  1373 | D:3      | Reached XP level 4. HP: 26/31 MP: 4/4
  1666 | D:3      | Found a shimmering altar of Xom.
  1766 | D:3      | Reached XP level 5. HP: 35/37 MP: 5/5
  1781 | D:2      | HP: 1/37 [something (3)]
  1781 | D:2      | Slain by an orc wizard

Illustrated notes

Levels and vault maps discovered:
D:1:      reono_arrival_mine, layout_rooms, kennysheep_minor_cross
D:2:      layout_loops_cross
D:3:      layout_basic, regret_index_xom_buried_treasure, tgw_trog

Skill      XL: |  1  2  3  4 |
---------------+-------------+-----
Polearms       | 3 |  3.1
Fighting       | |  3.8
Dodging        | |  3.8
Shields        | |  3.8

Action                     |  1- 3 |  4- 6 || total
---------------------------+-------+-------++-------
  Melee: Trident           |    69 |    43 ||   112
         Constrict         |    14 |     8 ||    22
         Tentacles         |     8 |     5 ||    13
   Stab: Sleeping          |     5 |     6 ||    11
 Armour: Skin              |    16 |    20 ||    36
  Dodge: Dodged            |    25 |     9 ||    34
  Block: Buckler           |     7 |     1 ||     8

Table legend: (Time is in decaauts)
 A = Elapsed time spent in this place.
 B = Non-inter-level travel time spent in this place.
 C = Inter-level travel time spent in this place.
 D = Time resting spent in this place.
 E = Time spent auto-exploring this place.
 F = Levels seen in this place.
 G = Mean time per level.
                   A        B        C        D        E       F      G
               +--------+--------+--------+--------+--------+-----+--------+
         Total |   1803 |   1705 |     98 |      0 |   1373 |   3 |  601.0 |
       Dungeon |   1803 |   1705 |     98 |      0 |   1373 |   3 |  601.0 |
               +--------+--------+--------+--------+--------+-----+--------+

Top non-repeatable levels by time:
     D:2: 682 daAuts
     D:1: 637 daAuts
     D:3: 483 daAuts
